 Dungeon Crawl Stone Soup version 0.24-a0-203-gf0bc1e94ae (console) character file.

Game seed: 11046716732835177711

198 CedricFluffyTheSecon the Insei (level 5, -2/37 HPs)
             Began as an Octopode Monk on Mar 28, 2019.
             Slain by Grinder (5 damage)
             ... while paralysed by Grinder
             ... on level 3 of the Dungeon.
             The game lasted 00:05:03 (2034 turns).

CedricFluffyTheSecon the Insei (Octopode Monk)      Turns: 2034, Time: 00:05:03

Health: -2/37      AC:  1    Str: 10    XL:     5   Next: 76%
Magic:  5/5        EV:  2    Int: 13    God:
Gold:   138        SH:  0    Dex: 15    Spells: 4/4 levels left

rFire    . . .     SeeInvis .     - Unarmed
rCold    . . .     Gourm    .   (no shield)
rNeg     + . .     Faith    .   (helmet restricted)
rPois    .         Spirit   .   (no amulet)
rElec    .         Reflect  .   f - ring of positive energy
rCorr    .         Harm     .   (no ring)
MR       .....                  (no ring)
Stlth    +++.......             (no ring)
HPRegen  0.12/turn              (no ring)
MPRegen  0.09/turn              (no ring)
                                (no ring)
                                (no ring)

@: paralysed
A: almost no armour, stealthy swim, amphibious, 8 rings, constrict 8, camouflage
1, gelatinous body 1
a: no special abilities


You were on level 3 of the Dungeon.
You were hungry.

You visited 1 branch of the dungeon, and saw 3 of its levels.

You collected 138 gold pieces.

Inventory:

Jewellery
 f - a ring of positive energy (left tentacle)
Scrolls
 b - a scroll of enchant weapon
 d - a scroll of blinking
 e - a scroll of remove curse {unknown}
 g - 2 scrolls of identify {unknown}
 h - a scroll of amnesia {unknown}
 j - a scroll of immolation {unknown}
 k - a scroll of fear {unknown}
Potions
 i - a potion of ambrosia
Comestibles
 a - 4 rations


   Skills:
 * Level 3.7 Fighting
 * Level 4.0 Dodging
 + Level 3.6 Stealth
 * Level 4.8 Unarmed Combat


You had 4 spell levels left.
You didn't know any spells.
Your spell library was empty.

Dungeon Overview and Level Annotations

Branches:
Dungeon (3/15)

Altars:
Gozag

Annotations:
D:3 Grinder, Terence


Innate Abilities, Weirdness & Mutations

You cannot wear most types of armour.
You are very stealthy in the water. (Stealth+)
You are amphibious.
You can wear up to eight rings at the same time.
You can use your tentacles to constrict eight enemies at once.
Your skin changes colour to match your surroundings (Stealth+).
Your rubbery body absorbs attacks. (AC +1, EV +1)


Message History

Grinder closely misses you.
You tentacle-slap Grinder. Your grab misses Grinder.
Your tentacle-slap misses Grinder.
Grinder is almost dead.
Grinder misses you.
You tentacle-slap Terence but do no damage.
You grab Terence. You squeeze Terence.
Terence is heavily wounded.
You constrict Terence. Grinder gestures at you.
You suddenly lose the ability to move!
You lose your grip on Terence.
Terence drinks a potion.
Terence is healed!
Grinder gestures at you. You resist with significant effort.
Terence barely misses you. Grinder completely misses you.
Terence hits you with a +0 mace.
Grinder splashes around in the water.
Terence hits you with a +0 mace!
* * * LOW HITPOINT WARNING * * *
Grinder hits you.
You die...

...#.!.....≈≈≈≈≈≈≈≈≈≈.≈#
###.#..##..≈.≈≈≈≈≈≈≈≈≈..#
#............≈≈≈≈≈≈≈≈≈.≈#
#.#........≈≈≈≈≈..♣≈≈≈.≈#
#.##...#.....(.≈≈≈≈._≈≈≈≈..#
#......##..[..$≈≈≈≈≈♣.≈≈≈≈≈#
#####.<#####.#≈≈≈≈≈≈≈≈≈≈≈..##
#..#####.#@5≈≈≈≈≈≈≈≈≈≈..#
#........#@≈≈≈≈≈≈≈≈≈≈.l.#
#.#####.....≈.≈..≈.≈..≈.#
#####.### #...≈..≈≈≈.≈.≈≈.≈.#
#.......# #.......####(#.##.#
#.###.#.# #.......####.#.##.#
#.###.#.# #.......#.........#
#.##..#.# #.......#.####l####
#.##.##.# #.......#)####.#
#.......######### #.#.l..#


You could see Grinder and Terence.

Vanquished Creatures
  An orc priest (D:3)
  An orc wizard (D:3)
  7 adders
  An ooze (D:1)
  A worm (D:2)
  An orc (D:3)
  A ball python (D:1)
  9 bats
  3 giant cockroaches (D:1)
  12 goblins
  9 hobgoblins
  4 jackals (D:2)
  3 frilled lizards
  8 kobolds
  8 rats
69 creatures vanquished.

Vanquished Creatures (others)
  4 toadstools (D:1)
4 creatures vanquished.

Grand Total: 73 creatures vanquished

Notes
Turn   | Place    | Note
-------+----------+-------------------------------------------
     0 | D:1      | CedricFluffyTheSecon the Octopode Monk began the quest for
                  | the Orb.
     0 | D:1      | Reached XP level 1. HP: 16/16 MP: 1/1
   101 | D:1      | Reached XP level 2. HP: 21/21 MP: 2/2
   227 | D:1      | Reached XP level 3. HP: 15/26 MP: 3/3
   680 | D:2      | Found an opulent altar of Gozag.
   706 | D:2      | Reached XP level 4. HP: 19/31 MP: 4/4
  1699 | D:3      | Reached XP level 5. HP: 36/36 MP: 5/5
  1761 | D:3      | Found a faded altar of an unknown god.
  1803 | D:3      | Noticed Grinder
  2014 | D:3      | Noticed Terence
  2030 | D:3      | Paralysed by Grinder for 6 turns
  2034 | D:3      | Slain by Grinder

Levels and vault maps discovered:
D:1:      ldierk_water_garden, layout_rooms
D:2:      minmay_chambers_of_ones, layout_loops_ring, lemuel_doored_altar
D:3:      layout_loops_cross, chequers_ecumenical_altar_island, uniq_natasha,
          uniq_grinder, uniq_terence

Skill      XL: |  1  2  3  4  5 |
---------------+----------------+-----
Stealth        | 3 |  3.6
Unarmed Combat | 4 |  4.8
Dodging        | 4 |  4.0
Fighting       | |  3.7

Action                   |  1- 3 |  4- 6 || total
-------------------------+-------+-------++-------
Melee: Unarmed           |    77 |    92 ||   169
       Constrict         |    19 |    21 ||    40
       Tentacles         |    13 |    17 ||    30
       Punch             |     1 |     1 ||     2
  Use: Potion            |       |     2 ||     2
       Scroll            |       |     3 ||     3
 Stab: Sleeping          |     4 |     9 ||    13
  Eat: Chunk             |       |     3 ||     3
Armor: Skin              |     6 |     2 ||     8
Dodge: Dodged            |    62 |    87 ||   149

Table legend:
 A = Non-vault XP
 B = Vault XP
 C = Vault XP percentage of total XP
 D = Non-vault monster count
 E = Vault monster count
 F = Vault count percentage of total count
                 A         B        C        D         E       F
            +---------+---------+-------+---------+---------+-------
      Total |     251 |      32 |  11.3 |      64 |       5 |   7.2
            +---------+---------+-------+---------+---------+-------
        D:1 |      53 |       0 |   0.0 |      31 |       0 |   0.0
        D:2 |      79 |      32 |  28.8 |      24 |       5 |  17.2
        D:3 |     119 |       0 |   0.0 |       9 |       0 |   0.0
            +---------+---------+-------+---------+---------+-------
